 Dungeon Crawl Stone Soup version 0.16-a0-4048-g245e628 (webtiles) character file.

38731727 Charly the Executioner (level 27, 238/262 (266) HPs)
             Began as a Deep Dwarf Gladiator on Feb 18, 2015.
             Was the Champion of Makhleb.
             Escaped with the Orb
             ... and 15 runes on Feb 19, 2015!
             The game lasted 11:54:57 (37756 turns).

Charly the Executioner (Deep Dwarf Gladiator)      Turns: 37756, Time: 11:54:57

HP:   238/262 (266) AC: 40    Str: 23    XL:     27
MP:   43/43         EV: 27    Int: 35    God:    Makhleb [******]
Gold: 6121          SH:  0    Dex: 20    Spells: 15 memorised, 0 levels left

rFire  + + +     SeeInvis +     b - +9 executioner's axe (chaos)
rCold  . . .     Clarity  .     J - +8 fire dragon armour
rNeg   + + .     SustAb   .     (no shield)
rPois  .         Gourm    .     B - -2 helmet of Pandemonium {Int+10 Dex-2 SInv}
rElec  +         Spirit   .     I - +1 cloak of the Lonely Wishes {MR+ Str+4 Int+3}
rCorr  +         Warding  .     m - +0 pair of gloves "Chiboul" {rElec rF+ MP+9 Int+6}
rMut   .         Stasis   .     l - +2 pair of boots of the Heavens {rCorr Slay+3}
MR     +++++                    h - amulet "Leuwuodd" {Faith MP-9 Dex+3 Slay+3 Stlth+}
Stlth  ++........               Z - ring of Robustness {AC+8}
                                L - ring of Stihaply {rC+ rN+ Slay+2}

@: non-regenerating, almost entirely resistant to hostile enchantments,
unstealthy
A: damage resistance, recharge devices, negative energy resistance 1, sense
surroundings 3, slow healing 3
a: Device Recharging, Minor Destruction, Lesser Servant of Makhleb, Major
Destruction, Greater Servant of Makhleb, Renounce Religion
0: Orb of Zot
}: 15/15 runes: decaying, slimy, silver, golden, iron, obsidian, icy, bone,
abyssal, demonic, glowing, magical, fiery, dark, gossamer


You escaped.
You worshipped Makhleb.
Makhleb was exalted by your worship.
You were not hungry.

You visited 17 branches of the dungeon, and saw 95 of its levels.
You visited Pandemonium 1 time, and saw 25 of its levels.
You visited the Abyss 1 time.
You visited 2 ziggurats, and saw 20 of their levels (deepest: 11).
You also visited: Labyrinth, Trove, Sewer, Volcano and Wizlab.

You collected 6511 gold pieces.
You spent 390 gold pieces at shops.

Inventory:

Hand weapons
 a - the +9 battleaxe of the Sky {speed, Int+3}
   (You took it off a deep elf conjurer on level 3 of the Elven Halls)

   Attacks with this weapon are significantly faster.
   It affects your intelligence (+3).
 b - a +9 executioner's axe of chaos (weapon)
Missiles
 t - 4 throwing nets (quivered)
Armour
 l - the +2 pair of boots of the Heavens (worn) {rCorr Slay+3}
   (You found it in a treasure trove)

   It affects your accuracy and damage with ranged weapons and melee attacks
   (+3).
   It protects you from acid and corrosion.
 m - the +0 pair of gloves "Chiboul" (worn) {rElec rF+ MP+9 Int+6}
   (You found it on level 7 of a ziggurat)

   It affects your intelligence (+6).
   It protects you from fire.
   It insulates you from electricity.
   It affects your magic capacity (+9).
 B - the -2 helmet of Pandemonium (worn) {Int+10 Dex-2 SInv}
   (You acquired it on level 5 of the Vaults)

   It affects your intelligence (+10).
   It affects your dexterity (-2).
   It enhances your eyesight.
 I - the +1 cloak of the Lonely Wishes (worn) {MR+ Str+4 Int+3}
   (You found it on level 5 of the Vaults)

   It affects your strength (+4).
   It affects your intelligence (+3).
   It affects your resistance to hostile enchantments.
 J - a +8 fire dragon armour (worn)
Rods
 D - a +1 rod of inaccuracy (11/11)
   (You found it on level 1 of the Spider Nest)
 V - a +4 rod of shadows (14/14)
   (You took it off a deep elf sorcerer on level 3 of the Elven Halls)
 W - a +2 iron rod (13/13)
   (You found it on level 3 of the Crypt)
Jewellery
 h - the amulet "Leuwuodd" (around neck) {Faith MP-9 Dex+3 Slay+3 Stlth+}
   (You acquired it on level 3 of a ziggurat)

   [amulet of faith]

   It allows you to gain divine favour quickly.
   It affects your dexterity (+3).
   It affects your accuracy and damage with ranged weapons and melee attacks
   (+3).
   It affects your magic capacity (-9).
   It makes you more stealthy.
 r - an uncursed amulet of resist mutation
 x - the amulet of Okuog {Stasis rPois rF+ Int-2}
   (You found it in Pandemonium)

   [amulet of stasis]

   It prevents you from being teleported, slowed, hasted or paralysed.
   It affects your intelligence (-2).
   It protects you from fire.
   It protects you from poison.
 K - an uncursed ring of teleportation
 L - the ring of Stihaply (left hand) {rC+ rN+ Slay+2}
   (You found it in Pandemonium)

   [ring of protection from cold]

   It affects your accuracy and damage with ranged weapons and melee attacks
   (+2).
   It protects you from cold.
   It protects you from negative energy.
 X - an uncursed ring of protection from cold
 Z - the ring of Robustness (right hand) {AC+8}
   (You found it on level 8 of a ziggurat)

   [ring of protection]

   It affects your AC (+8).
Magical devices
 d - a wand of teleportation (4)
 e - a wand of heal wounds (5)
 O - a wand of digging (5)
Scrolls
 k - 5 scrolls of blinking
 n - a scroll of holy word
 o - 8 scrolls of remove curse
 p - 7 scrolls of recharging
 w - a scroll of fog
 y - 5 scrolls of fear
Potions
 c - 6 potions of resistance
 g - a potion of cancellation
 i - a potion of magic
 s - 17 potions of curing
 u - 2 potions of agility
 v - 6 potions of cure mutation
 E - 9 potions of berserk rage
 M - a potion of restore abilities
Miscellaneous
 C - a lamp of fire
 N - 3 phantom mirrors
 R - a fan of gales
Comestibles
 f - 16 bread rations
 j - a beef jerky
 Q - 7 meat rations


   Skills:
 + Level 19.6 Fighting
 - Level 26.0 Axes
 - Level 1.7 Throwing
 + Level 21.9 Armour
 + Level 20.4 Dodging
 - Level 15.8 Stealth
 - Level 17.0 Spellcasting
 - Level 7.5 Hexes
 - Level 12.0 Charms
 - Level 13.1 Summonings
 - Level 16.8 Translocations
 - Level 9.0 Transmutations
 - Level 7.7 Air Magic
 - Level 15.8 Earth Magic
 - Level 12.0 Invocations
 - Level 15.3 Evocations


You couldn't memorise any spells.
You knew the following spells:

 Your Spells              Type           Power        Failure   Level  Hunger
a - Apportation           Tloc           #######...   0%          1    None
b - Blink                 Tloc           N/A          0%          2    None
c - Control Teleport      Chrm/Tloc      #######...   1%          4    None
d - Deflect Missiles      Chrm/Air       #######...   8%          6    None
f - Flight                Chrm/Air       #######...   1%          3    None
h - Haste                 Chrm           #######.     2%          6    None
p - Phase Shift           Tloc           #######...   1%          5    None
q - Silence               Hex/Air        ######....   3%          5    None
s - Stoneskin             Trmt/Erth      #######.     1%          2    None
w - Spectral Weapon       Hex/Chrm       #######.     1%          3    None
A - Aura of Abjuration    Summ           #######...   1%          6    None
B - Summon Butterflies    Summ           #######.     0%          1    None
C - Controlled Blink      Tloc           N/A          1%          7    ###....
P - Passwall              Trmt/Erth      #######...   1%          3    None
S - Statue Form           Trmt/Erth      #######..    1%          6    None


Dungeon Overview and Level Annotations

Branches:
Dungeon (15/15)              Lair (8/8) D:10          Swamp (5/5) Lair:6
 Spider (5/5) Lair:6        Slime (6/6) Lair:8          Orc (4/4) D:12
    Elf (3/3) Orc:4        Vaults (5/5) D:14          Crypt (3/3) Vaults:3
   Tomb (3/3) Crypt:3      Depths (5/5) D:15           Hell (1/1)
    Dis (7/7) Hell            Geh (7/7) Hell            Coc (7/7) Hell
    Tar (7/7) Hell            Zot (5/5) Depths:5
 Temple: D:4-7

Altars:
Fedhas
Kikubaaqudgha
Makhleb
Nemelex Xobeh
Okawaru
Ru
Vehumet
Xom
Yredelemnul
Zin
The Shining One
Beogh
Jiyva

Shops:
D:6 %   D:13 [   Orc:4 ([((   Elf:3 (

Portals:
Hell: Lair:8 Depths:2 Depths:3 Depths:4
Abyss: Depths:3 Depths:4
Pandemonium: Depths:2 Depths:4

Annotations:
D:7 exclusion: statue
D:8 Dowan
Lair:7 exclusion: 2 oklob plants
Coc:7 Antaeus


Innate Abilities, Weirdness & Mutations

You are resistant to damage.
You can recharge devices by infusing magical energy.
You resist negative energy.
You passively map a large area around you.
You do not heal naturally.


Message History

You sense a powerful magical force warping space.
There is a stone staircase leading down here.
You hear a grinding noise.
You see here a club.
There is a stone staircase leading up here.
You climb upwards.
You sense a powerful magical force warping space.
There is a stone staircase leading down here.
There is a stone staircase leading up here.
You climb upwards.
You sense a powerful magical force warping space.
There is a stone staircase leading down here.
Evoke which item? (* to show all) (? for menu, Esc to quit)
Zapping:
O - a wand of digging (6)
Press: ? - help, Shift-Dir - straight line The rock shatters into small pieces.
This wand has 5 charges left.
You open the door.
There is an open door here.
There is a staircase leading out of the dungeon here.
You have escaped!

,* #...........#
#.......
*,############...#
#.......
,#......#####...###
#.......
,#................#
####.......
#......###.##.##.#
#..........
####......###..#.##.#
#..........
............##......#
#..........
.###.#.##.#.##[#'#..#
#.........#
.†.#.#.#..#.##.#@#..#
###........
...#.#.#....##.#'#..#
#........
..##.#.#######......#
#........
...#.#............#.#
#.......[
...#.############.#.#
#........
...#..............#.#
#........
..#############.....#
#........ ..# , ,
...........# ####)###.
#.# ,
#####.....########.###.


There were no monsters in sight!

Vanquished Creatures
  Asmodeus (Geh:7)
  Cerebov (Pan)
  the royal jelly (Slime:6)
  Ereshkigal (Tar:7)
  Gloorx Vloq (Pan)
  A seraph (Pan)
  Mnoleg (Pan)
  5 ancient liches
  Dispater (Dis:7)
  4 orbs of fire
  4 pandemonium lords
  27 greater mummies
  Sojobo (Vaults:3)
  2 caustic shrikes (Depths:2)
  Margery (Crypt:1)
  Saint Roka (D:15)
  2 curse toes
  9 shard shrikes
  A Killer Klown (Zot:5)
  Geryon (Hell)
  8 golden dragons
  Xtahua (Crypt:3)
  the Enchantress (Depths:2)
  2 bone dragons
  Arachne (Spider:5)
  6 Brimstone Fiends
  4 electric golems
  Nikola (Vaults:1)
  2 pearl dragons (Pan)
  13 Ice Fiends
  17 tentacled monstrosities
  6 liches
  6 Hell Sentinels
  25 Orb Guardians (Zot:5)
  A Cloud Mage (WizLab)
  4 Shadow Fiends
  9 titans
  6 quicksilver dragons
  21 acid blobs
  3 deep elf master archers (Elf:3)
  A deep elf blademaster (Elf:3)
  The ghost of Uberwunderbarhen the Bludgeoner, a mighty GrFi of Okawaru (Elf:1)
  4 sphinxes (Vaults:5)
  An eldritch tentacle (Depths:5)
  A warmonger (Pan)
  Agnes (Crypt:1)
  3 tentacled starspawn
  An octopode crusher (Depths:5)
  8 shadow dragons
  11 ancient champions
  A thorn hunter (Swamp:4)
  9 tengu reavers
  8 storm dragons
  4 revenants
  A draconian monk (Depths:5)
  16 Executioners
  Roxanne (D:14)
  9 azure jellies
  10 daevas (Pan)
  9 iron dragons
  Wiglaf (Depths:1)
  11 fire giants
  6 ghost moths
  5 black suns (Pan)
  9 vault wardens
  9 frost giants
  11 deep elf sorcerers
  2 orc warlords
  A caustic shrike zombie (Crypt:2)
  Aizul (Depths:2)
  2 draconian knights
  3 draconian scorchers
  11 emperor scorpions
  12 ironheart preservers
  17 balrugs
  4 draconian zealots
  4 curse skulls
  11 cacodemons
  15 angels
  3 spriggan defenders (Depths:2)
  11 war gargoyles
  4 draconian annihilators
  23 reapers
  7 ophanim (Pan)
  16 very ugly things
  2 draconian shifters
  2 fulminant prisms (Pan)
  22 stone giants
  2 elemental wellsprings (Coc:7)
  A draconian caller (Zot:2)
  4 deep elf demonologists
  11 apis (Pan)
  6 blood saints (Pan)
  7 vampire knights
  2 mottled draconians
  5 salamander firebrands
  4 green draconians
  A corrupter (Pan)
  4 grey draconians
  2 black draconians
  5 lorocyprocas (Pan)
  A chaos champion (Pan)
  7 deep elf annihilators
  A purple draconian (Zot:2)
  3 dire elephants
  A white draconian (Zot:2)
  3 unborn
  A red draconian (Zot:2)
  2 bennus (Tomb:3)
  3 pale draconians
  A merfolk javelineer (Zig:2)
  5 green deaths
  8 blizzard demons
  8 deep elf death magi
  3 minotaurs
  A crystal guardian (Zig:7)
  14 ettins
  25 vault guards (Vaults:5)
  5 quicksilver dragon zombies
  A merfolk impaler (Depths:5)
  12 jiangshi
  11 yaktaur captains
  4 death oozes
  2 eidola
  13 mummy priests
  11 fire dragons
  16 ice dragons
  4 deep elf high priests
  6 death cobs
  7 hydras
  9 great orbs of eyes
  5 rakshasas
  The ghost of runewalsh the Frost Mage, a powerful OpIE of Vehumet (D:13)
  A quicksilver dragon skeleton (Coc:7)
  4 monstrous demonspawn (Pan)
  A centaur warrior (Depths:4)
  6 hell beasts
  A ghost crab (Swamp:4)
  5 alligators
  4 deep troll earth magi
  5 spriggan air magi
  14 dancing weapons
  10 ogre magi
  4 deep troll shamans
  17 death yaks
  5 tengu warriors
  6 spriggan berserkers
  5 titan zombies
  5 vampire magi
  2 thrashing horrors
  Urug (D:12)
  6 orc high priests
  A fire crab (Vaults:2)
  25 sun demons
  12 iron golems
  39 death scarabs
  10 hell hogs
  5 titan skeletons
  A catoblepas (Depths:5)
  4 wretched stars
  9 cherubim (Pan)
  8 shadow wraiths
  24 hell knights
  15 ice devils
  15 deep elf knights
  3 salamander mystics
  4 anaconda zombies
  2 quicksilver dragon simulacra
  11 iron trolls
  26 soul eaters
  7 shadow demons
  66 skeletal warriors
  A ball lightning (Pan)
  A storm dragon skeleton (Coc:5)
  8 flayed ghosts
  11 infernal demonspawn (Pan)
  A shambling mangrove (Swamp:2)
  8 deep elf summoners
  10 gelid demonspawn (Pan)
  6 unseen horrors
  33 anubis guards
  2 swamp dragons
  2 spriggan druids (Zig:11)
  A shadow dragon zombie (Tomb:3)
  8 giant orange brains
  5 torturous demonspawn (Pan)
  A mana viper (shapeshifter) (Vaults:5)
  2 putrid demonspawn (Pan)
  15 orb spiders
  3 deathcaps (Zot:2)
  5 orc knights
  4 anaconda skeletons
  7 necromancers
  23 deep trolls
  7 golden dragon skeletons
  11 ironbrand convokers
  A wolf spider zombie (Dis:7)
  A spectral alligator (Zig:7)
  6 hill giants
  4 iron dragon zombies
  2 worldbinders (Coc:7)
  22 wolf spiders
  4 orc sorcerers
  7 salamanders
  21 deep elf conjurers
  9 phantasmal warriors
  3 shadow dragon skeletons
  3 fire giant zombies
  4 stone giant zombies
  17 small abominations
  3 oklob plants (Zig:5)
  13 moths of wrath
  4 wizards
  39 ugly things
  4 hornets
  12 sixfirhies
  7 griffons
  2 frost giant zombies
  A manticore (Depths:1)
  A stone giant skeleton (Geh:1)
  A frost giant skeleton (Coc:7)
  6 iron dragon skeletons
  4 cyclopes (Vaults:2)
  10 rust devils
  Maurice (D:13)
  16 vault sentinels
  9 shining eyes
  An apocalypse crab (Abyss:1)
  2 fire giant skeletons
  31 large abominations
  6 molten gargoyles
  6 efreet
  20 orange demons
  17 smoke demons
  A dire elephant zombie (Coc:3)
  2 torpor snails
  4 black mambas
  3 titan simulacra (Coc:7)
  4 shock serpent skeletons
  2 eyes of devastation
  3 centaur skeletons
  2 dire elephant skeletons (Crypt:3)
  14 hellions
  A ghost moth simulacrum (Coc:1)
  20 tormentors
  14 hellwings
  10 fire drakes
  A spiny frog (shapeshifter) (Depths:2)
  A storm dragon simulacrum (Coc:7)
  8 komodo dragons
  19 yaktaurs
  20 blue devils
  8 demonic crawlers
  A tengu conjurer (Depths:4)
  A redback zombie (D:15)
  12 spiny frogs
  A sea snake skeleton (Crypt:1)
  15 deep elf priests
  2 merfolk (shapeshifter)
  19 freezing wraiths
  6 trolls
  23 guardian mummies
  30 jumping spiders
  4 wandering mushrooms (Zot:2)
  8 wind drakes
  2 polar bears (Depths:5)
  16 red devils
  A polar bear (shapeshifter) (Vaults:5)
  A spectral moth of wrath (Crypt:1)
  10 hydra zombies
  2 raiju
  Sonja (D:13)
  3 silent spectres
  2 catoblepas zombies
  4 fire vortices (Pan)
  5 hydra skeletons
  3 ancient zymes
  A two-headed ogre (shapeshifter) (Zig:9)
  3 baby alligators (Swamp:1)
  A harpy skeleton (Crypt:3)
  8 boulder beetles
  A giant leech (Swamp:1)
  5 bog bodies
  3 fire dragon zombies
  A tarantella zombie (Crypt:1)
  18 two-headed ogres
  75 slime creatures
  3 alligator zombies
  A queen bee (shapeshifter) (Depths:4)
  2 ushabtiu (Tomb:2)
  A deep troll zombie (Zig:1)
  2 ice dragon zombies
  21 ravens
  A raven (shapeshifter) (D:15)
  12 blink frogs
  24 deep elf magi
  11 vampires
  An ettin zombie (Zig:3)
  3 basilisks (Lair:5)
  A dire elephant simulacrum (Crypt:1)
  The ghost of runewalsh the Chiller, an average OpIE of Vehumet (D:4)
  A catoblepas skeleton (Crypt:3)
  57 flying skulls
  42 redbacks
  8 trapdoor spiders
  4 ice dragon skeletons
  14 starcursed masses
  24 yaks
  A spectral black mamba (Pan)
  A yak (shapeshifter) (Vaults:3)
  2 ettin skeletons (Geh:6)
  11 shadows
  39 air elementals
  7 fire elementals
  A human (shapeshifter) (Vaults:2)
  20 tarantellas
  3 alligator skeletons
  13 water elementals
  6 ynoxinuls
  A human (D:7)
  A black mamba skeleton (Abyss:1)
  Eustachio (D:7)
  2 black mamba zombies
  22 deep elf fighters
  5 spriggans
  2 hogs
  13 wraiths
  7 golden eyes
  8 chaos spawn
  6 wargs
  16 vampire mosquitoes
  9 hungry ghosts
  18 neqoxecs
  4 wolves (Lair:8)
  8 hippogriffs
  A steam dragon (D:11)
  A soldier ant (D:12)
  18 insubstantial wisps
  3 mottled dragons
  18 swamp worms
  9 eyes of draining
  15 porcupines
  5 spiders
  A gelid demonspawn skeleton (Crypt:1)
  11 hell hounds
  4 hydra simulacra
  12 water moccasins
  4 swamp drakes
  3 phantoms
  9 spiny frog zombies
  34 orc warriors
  8 wasps
  2 sky beasts
  An ettin simulacrum (Hell)
  A snapping turtle zombie (Coc:7)
  30 ogres
  3 spiny frog skeletons
  12 crocodiles
  4 snapping turtle skeletons
  5 ice beasts
  A boring beetle (Lair:8)
  A crocodile (shapeshifter) (Depths:2)
  A manticore skeleton (Coc:7)
  6 boggarts (Vaults:2)
  A boring beetle (shapeshifter) (Elf:3)
  5 necrophages
  A big kobold (D:12)
  9 centaurs
  A swamp dragon skeleton (Tomb:3)
  Sigmund (D:4)
  Duvessa (D:8)
  A brain worm (Abyss:2)
  A fire drake skeleton (Crypt:1)
  A spectral human (Tomb:1)
  A spectral wyvern (Crypt:1)
  Blork the orc (D:4)
  A komodo dragon zombie (Crypt:1)
  17 giant frogs
  2 spiny frog simulacra
  An earth elemental (Zig:7)
  3 scorpions
  A snapping turtle simulacrum (Coc:7)
  A spriggan zombie (Coc:7)
  A water moccasin skeleton (Crypt:1)
  4 electric eels
  4 killer bees (D:11)
  13 crimson imps
  5 quasits
  25 wights
  A giant frog zombie (D:7)
  A goliath beetle (D:6)
  A wasp zombie (D:9)
  32 jellies
  8 hounds
  12 iron imps
  Crazy Yiuf (D:3)
  2 giant frog skeletons
  32 orc priests
  2 centaur zombies
  11 human zombies
  5 iguanas
  5 worker ants
  A two-headed ogre skeleton (Crypt:1)
  A human skeleton (Crypt:3)
  35 orc wizards
  18 hell rats
  A lightning spire (Zig:4)
  19 sheep
  A tengu zombie (Dis:7)
  Ijyb (D:6)
  A hound zombie (D:8)
  Terence (D:3)
  2 hound skeletons (Crypt:2)
  38 mummies
  A worker ant zombie (D:8)
  14 adders
  53 river rats
  3 shadow imps
  3 gnolls (D:6)
  4 giant mites
  7 white imps
  4 worms (Spider:4)
  3 giant eyeballs (Pan)
  24 ufetubi
  An adder zombie (D:5)
  An iguana skeleton (Crypt:1)
  A sheep skeleton (Crypt:2)
  An adder skeleton (D:4)
  A lava snake skeleton (Crypt:3)
  5 giant geckos
  184 orcs
  5 giant cockroaches
  19 goblins
  22 hobgoblins
  20 jackals
  9 quokkas
  3 ball pythons
  22 bats
  A giant cockroach zombie (Crypt:3)
  3 giant newts
  A giant spore (D:15)
  A hobgoblin skeleton (Crypt:3)
  14 kobolds
  A lurking horror (Zig:9)
  11 rats
  2 ballistomycetes
  11 crawling corpses
  6 fungi
  A macabre mass (Abyss:3)
  18 plants
  2 starspawn tentacles
3585 creatures vanquished.

Vanquished Creatures (collateral kills)
  A deep elf blademaster (Elf:3)
  A deep elf master archer (Elf:3)
  An acid blob (Slime:6)
  An emperor scorpion (Spider:5)
  A deep elf sorcerer (Elf:3)
  Gastronok (Lair:3)
  A ghoul (Crypt:3)
  2 deep elf annihilators (Elf:3)
  2 deep elf demonologists (Elf:3)
  4 deep elf death magi (Elf:3)
  5 death oozes (Slime:6)
  2 deep elf high priests (Elf:3)
  5 hydras
  8 death yaks
  A deep elf knight (Depths:1)
  A wizard (Zig:5)
  A deep elf conjurer (Elf:3)
  3 hornets (Spider:5)
  3 oklob plants (Zig:5)
  A moth of wrath (Spider:5)
  A wolf spider (Spider:5)
  2 spiny frogs
  A naga mage (Zig:5)
  A torpor snail (Lair:7)
  A black mamba (Lair:8)
  An orange demon (Elf:3)
  A tengu conjurer (Zig:5)
  2 fire drakes
  A komodo dragon (Lair:3)
  2 trolls (Orc:4)
  A jumping spider (Spider:5)
  A two-headed ogre (Volcano)
  4 blink frogs (Lair:8)
  2 bog bodies
  A raven (Swamp:4)
  A spriggan (Swamp:4)
  4 trapdoor spiders (Spider:5)
  2 redbacks (Spider:5)
  A deep elf mage (Elf:3)
  2 deep elf fighters (Elf:3)
  A hippogriff (Lair:8)
  5 swamp worms (Spider:4)
  A warg (Orc:4)
  A water moccasin (Lair:8)
  3 orc warriors (Orc:4)
  A swamp drake (Swamp:5)
  2 necrophages (Crypt:3)
  4 centaurs
  2 wasps
  A giant frog (Lair:7)
  A hound (Lair:2)
  2 orc priests (Orc:4)
  2 river rats (Lair:8)
  2 adders
  5 worms (Spider:4)
  3 orcs (Orc:4)
  A crawling corpse (Elf:3)
  A plant (Zig:5)
115 creatures vanquished.

Vanquished Creatures (others)
  A shard shrike (Coc:7)
  A lich (Depths:1)
  An eldritch tentacle (Depths:5)
  An Executioner (Swamp:5)
  A tengu reaver (Vaults:3)
  3 balrugs
  2 cacodemons
  A fire giant (Vaults:4)
  A draconian annihilator (Pan)
  139 spectral weapons
  A lorocyproca (Depths:1)
  A blizzard demon (Swamp:5)
  A green death (Spider:5)
  2 ice dragons
  2 soul eaters
  2 deep elf knights
  3 skeletal warriors
  A ball lightning (Pan)
  A shadow wraith (Depths:1)
  A spriggan druid (Zig:11)
  2 wizards (Pan)
  An iron dragon zombie (Dis:7)
  A hornet (Spider:5)
  2 sixfirhies (Pan)
  3 orange demons
  An efreet (Pan)
  A hydra zombie (Coc:7)
  2 jumping spiders
  5 fire elementals
  A fire vortex (Pan)
  A blue devil (Elf:3)
  An ushabti (Tomb:2)
  3 flying skulls (Tomb:2)
  10 redbacks
  A water elemental (Coc:7)
  19 trapdoor spiders
  A wyvern (D:10)
  A chaos spawn (Tar:7)
  A ynoxinul (Tomb:2)
  A deep elf fighter (Elf:3)
  2 spiders
  An ogre (Depths:2)
  An orc warrior (Orc:4)
  A boggart (Vaults:2)
  12 lost souls
  A crimson imp (Zig:4)
  An iron imp (Dis:7)
  A quasit (Pan)
  A human zombie (Dis:7)
  An orc wizard (D:3)
  A hell rat (Elf:2)
  A human skeleton (Tomb:2)
  2 sheep (D:10)
  3 ufetubi
  An orc (Orc:4)
  A giant spore (D:13)
  A crawling corpse (Elf:1)
  63 eldritch tentacle segments (Depths:5)
  A fungus (Lair:2)
  3 plants
  7 starspawn tentacles
  64 starspawn tentacle segments (Zig:9)
394 creatures vanquished.

Grand Total: 4094 creatures vanquished

Notes
Turn   | Place    | Note
--------------------------------------------------------------
     0 | D:1      | Charly, the Deep Dwarf Gladiator, began the quest for the Orb.
     0 | D:1      | Reached XP level 1. HP: 19/19 MP: 1/1
    81 | D:1      | Reached XP level 2. HP: 21/26 MP: 2/2
   372 | D:2      | Reached skill level 4 in Axes
   484 | D:2      | Reached XP level 3. HP: 7/32 MP: 3/3
   629 | D:3      | Reached XP level 4. HP: 34/39 MP: 4/4
   703 | D:3      | Reached skill level 5 in Axes
   703 | D:3      | Reached skill level 5 in Dodging
   703 | D:3      | Reached XP level 5. HP: 24/45 MP: 5/5
   721 | D:3      | Noticed Crazy Yiuf
   740 | D:3      | Killed Crazy Yiuf
   825 | D:3      | Reached skill level 1 in Evocations
   833 | D:3      | Reached XP level 6. HP: 34/52 MP: 5/7
   854 | D:3      | Noticed Terence
   868 | D:3      | Killed Terence
   951 | D:4      | Noticed runewalsh's ghost (average OpIE)
   951 | D:4      | Noticed Blork the orc
   973 | D:4      | Killed Blork the orc
   982 | D:4      | Killed runewalsh's ghost
   982 | D:4      | Reached skill level 6 in Axes
   982 | D:4      | Reached XP level 7. HP: 37/58 MP: 9/12
  1083 | D:4      | Reached skill level 5 in Evocations
  1092 | D:4      | Found Uskuacem's Jewellery Emporium.
  1110 | D:4      | Noticed Sigmund
  1124 | D:4      | Killed Sigmund
  1124 | D:4      | Reached skill level 7 in Axes
  1171 | D:5      | Entered Level 5 of the Dungeon
  1354 | D:5      | Found a shimmering altar of Xom.
  1409 | D:4      | Found an iron altar of Okawaru.
  1435 | D:5      | Found a glowing drain.
  1463 | D:5      | Paralysed by a wasp for 2 turns
  1476 | D:5      | Paralysed by a wasp for 1 turns
  1494 | Sewer    | Entered a sewer
  1842 | D:6      | Found Wiud's Food Shop.
  1861 | D:6      | Reached XP level 8. HP: 21/66 MP: 16/16
  1862 | D:6      | Reached skill level 8 in Axes
  1914 | D:6      | Found a blossoming altar of Fedhas.
  1948 | D:6      | Found an ancient bone altar of Kikubaaqudgha.
  2057 | D:6      | Noticed Ijyb
  2079 | D:6      | Killed Ijyb
  2447 | D:7      | Found a radiant altar of Vehumet.
  2572 | D:7      | Reached skill level 9 in Evocations
  2641 | D:7      | Found a burning altar of Makhleb.
  2646 | D:7      | Noticed Eustachio
  2661 | D:7      | Killed Eustachio
  2668 | D:7      | Gained mutation: You passively map the area around you. [level up]
  2668 | D:7      | Reached XP level 9. HP: 42/78 MP: 20/20
  2679 | D:7      | Became a worshipper of Makhleb the Destroyer
  2722 | D:7      | Reached skill level 10 in Evocations
  3088 | D:10     | Entered Level 10 of the Dungeon
  3187 | D:8      | Acquired Makhleb's first power
  3237 | D:8      | Noticed Dowan
  3239 | D:8      | Noticed Duvessa
  3261 | D:8      | Killed Duvessa
  3460 | D:8      | Found a sparkling altar of Nemelex Xobeh.
  3597 | D:10     | Reached skill level 10 in Axes
  3626 | D:10     | Acquired Makhleb's second power
  3658 | D:10     | Found a staircase to the Lair.
  3662 | D:10     | Reached skill level 11 in Evocations
  3689 | D:10     | Reached XP level 10. HP: 59/87 MP: 22/22
  3745 | D:10     | Killed an unseen horror
  3873 | D:11     | Noticed a hill giant
  3886 | D:11     | Killed a hill giant
  3952 | D:11     | Noticed a hill giant
  3978 | D:11     | Killed a hill giant
  3978 | D:11     | Reached skill level 12 in Evocations
  4004 | D:11     | Reached skill level 1 in Invocations
  4135 | D:12     | Learned a level 2 spell: Repel Missiles
  4139 | D:12     | Learned a level 3 spell: Flight
  4222 | D:12     | Got a spiked ring mail
  4233 | D:12     | Identified the +4 ring mail of Dithmenos' Approval {rElec rPois Str-4 Int+2} (You found it on level 12 of the Dungeon)
  4256 | D:12     | Found a staircase to the Orcish Mines.
  4343 | D:12     | Noticed Urug
  4377 | D:12     | Killed Urug
  4395 | D:12     | Acquired Makhleb's third power
  4466 | D:11     | Reached XP level 11. HP: 80/93 MP: 24/24
  4491 | D:11     | Got a sparkling copper amulet
  4492 | D:11     | Identified the amulet "Olaset" {rMut rF+ rN+ Str+4 Slay-4 Stlth+} (You found it on level 11 of the Dungeon)
  4672 | Lair:1   | Entered Level 1 of the Lair of Beasts
  4679 | Lair:1   | Reached skill level 5 in Invocations
  4747 | Lair:1   | Learned a level 2 spell: Swiftness
  4860 | Lair:2   | Noticed a five-headed hydra
  4869 | Lair:2   | Killed a five-headed hydra
  5101 | Lair:2   | Acquired Makhleb's fourth power
  5267 | Lair:3   | Got a faintly humming ring mail
  5278 | Lair:3   | Identified the +3 ring mail of the Dice {rC++ Regen+} (You found it on level 3 of the Lair of Beasts)
  5291 | Lair:3   | Reached skill level 5 in Fighting
  5382 | Lair:3   | Reached skill level 10 in Dodging
  5570 | Lair:4   | Acquired Makhleb's fifth power
  5750 | Lair:4   | Noticed a six-headed hydra
  5765 | Lair:4   | Killed a six-headed hydra
  5813 | Lair:5   | Found a labyrinth entrance.
  5830 | Lab      | Entered a labyrinth
  5932 | Lab      | Got an encrusted chain mail
  5943 | Lab      | Identified the +8 chain mail of the Oligarchy {rF+ MR++ Str+3 Dex+2} (You found it in a labyrinth)
  6310 | Lab      | Noticed a minotaur
  6318 | Lab      | Killed a minotaur
  6318 | Lab      | Reached skill level 13 in Axes
  6318 | Lab      | Reached skill level 1 in Armour
  6339 | Lab      | Identified the Volume of Unstable Conjuration (You found it in a labyrinth)
  6347 | Lair:5   | Learned a level 2 spell: Stoneskin
  6382 | Lair:5   | Reached XP level 12. HP: 94/104 MP: 26/26
  6413 | Lair:5   | Got a shimmering plate armour
  6424 | Lair:5   | Identified the +6 plate armour of Lilacs {rC+ MR+ Str-2 Int+7} (You found it on level 5 of the Lair of Beasts)
  6597 | Lair:5   | Noticed a four-headed hydra
  6603 | Lair:5   | Killed a four-headed hydra
  6707 | Lair:6   | Noticed a six-headed hydra
  6712 | Lair:6   | Killed a six-headed hydra
  6712 | Lair:6   | Reached skill level 5 in Armour
  6869 | Lair:6   | Found a staircase to the Swamp.
  6891 | Lair:6   | Reached skill level 10 in Invocations
  6945 | Lair:6   | Found a hole to the Spider Nest.
  6957 | Lair:6   | Reached skill level 14 in Axes
  7217 | Lair:8   | Entered Level 8 of the Lair of Beasts
  7217 | Lair:8   | Noticed a seven-headed hydra
  7223 | Lair:8   | Killed an eight-headed hydra
  7234 | Lair:8   | Found a staircase to the Slime Pits.
  7237 | Lair:8   | Found a viscous altar of Jiyva.
  7276 | Lair:7   | Reached XP level 13. HP: 111/111 MP: 27/27
  7400 | Lair:8   | Noticed a six-headed hydra
  7408 | Lair:8   | Killed a seven-headed hydra
  7760 | Lair:8   | Noticed a seven-headed hydra
  7767 | Lair:8   | Killed a seven-headed hydra
  7783 | Lair:8   | Found a burning altar of Makhleb.
  7834 | Lair:8   | Reached skill level 15 in Axes
  7882 | Lair:8   | Found a gateway to Hell.
  8121 | Lair:3   | Noticed Gastronok
  8127 | Lair:3   | Killed Gastronok
  8427 | D:13     | Reached skill level 1 in Charms
  8453 | D:13     | Found Kuaguapt's Antique Armour Emporium.
  8456 | D:13     | Noticed Sonja
  8476 | D:13     | Killed Sonja
  8489 | D:13     | Bought a pair of runed gloves for 85 gold pieces
  8564 | D:13     | Noticed runewalsh's ghost (powerful OpIE)
  8580 | D:13     | Killed runewalsh's ghost
  8664 | D:13     | Noticed Maurice
  8684 | D:13     | Killed Maurice
  8801 | D:14     | Found a sacrificial altar of Ru.
  8985 | D:15     | Entered Level 15 of the Dungeon
  9008 | D:15     | Gained mutation: You resist negative energy. [level up]
  9008 | D:15     | Reached XP level 14. HP: 118/118 MP: 28/28
  9097 | D:14     | Found a gate to the Vaults.
  9105 | D:14     | Reached skill level 10 in Armour
  9105 | D:14     | Reached skill level 1 in Air Magic
  9105 | D:14     | Reached skill level 1 in Spellcasting
  9115 | D:15     | Found a staircase to the Depths.
  9115 | D:15     | Noticed a fire giant
  9153 | D:14     | Noticed Roxanne
  9274 | D:15     | Reached skill level 16 in Axes
  9435 | D:15     | Killed a fire giant
  9466 | Depths:1 | Entered Level 1 of the Depths
  9466 | Depths:1 | Found a glowing silver altar of Zin.
  9466 | Depths:1 | Noticed Saint Roka
  9550 | D:15     | Identified a scroll of acquirement
  9702 | Orc:1    | Entered Level 1 of the Orcish Mines
 10201 | Orc:3    | Found a dark tunnel.
 10210 | Volcano  | Entered a volcano
 10413 | Orc:4    | Entered Level 4 of the Orcish Mines
 10436 | Orc:4    | Found a roughly hewn altar of Beogh.
 10443 | Orc:4    | Found Xaxkery's Antique Weapon Shop.
 10460 | Orc:4    | Bought a runed battleaxe for 130 gold pieces
 10603 | Orc:4    | Found a roughly hewn altar of Beogh.
 10614 | Orc:4    | Found Haisaow's Antique Weapon Shoppe.
 10727 | Orc:4    | Found a roughly hewn altar of Beogh.
 10766 | Orc:4    | Found a staircase to the Elven Halls.
 10866 | Orc:4    | Found a roughly hewn altar of Beogh.
 10959 | Orc:4    | Noticed an orc warlord
 11010 | Orc:4    | Noticed a storm dragon
 11010 | Orc:4    | an orc warlord changed into a storm dragon
 11026 | Orc:4    | Killed a storm dragon
 11067 | Orc:4    | Found Xoah Ikire's Antique Weapon Boutique.
 11067 | Orc:4    | Found a roughly hewn altar of Beogh.
 11069 | Orc:4    | Found Skast's Antique Armour Shop.
 11083 | Orc:4    | Bought a shiny helmet for 175 gold pieces
 11660 | Spider:1 | Entered Level 1 of the Spider Nest
 11759 | Spider:1 | Reached skill level 5 in Charms
 11906 | Spider:1 | Got a scorched war axe
 11936 | Spider:1 | Identified the +7 war axe of Valour {chop, rC+ MR++ Dex+4} (You found it on level 1 of the Spider Nest)
 12038 | Spider:1 | Reached XP level 15. HP: 108/130 MP: 15/29
 12079 | Spider:1 | Identified a +1 rod of inaccuracy (11/11) (You found it on level 1 of the Spider Nest)
 12383 | Spider:3 | Reached skill level 5 in Spellcasting
 12802 | Spider:5 | Entered Level 5 of the Spider Nest
 13260 | Spider:5 | Noticed Arachne
 13277 | Spider:5 | Killed Arachne
 13556 | Spider:5 | Reached XP level 16. HP: 96/145 MP: 11/30
 13572 | Spider:5 | Got a gossamer rune of Zot
 13825 | Swamp:1  | Entered Level 1 of the Swamp
 14582 | Swamp:4  | Got a faintly glowing plate armour
 14593 | Swamp:4  | Identified the -2 plate armour "Koecipp" {Int+4} (You found it on level 4 of the Swamp)
 14641 | Swamp:5  | Entered Level 5 of the Swamp
 14747 | Swamp:5  | Got a decaying rune of Zot
 14808 | Swamp:2  | Reached skill level 10 in Fighting
 15240 | Elf:1    | Entered Level 1 of the Elven Halls
 15298 | Elf:1    | Noticed Uberwunderbarhen's ghost (mighty GrFi)
 15489 | Elf:1    | Identified Vehumet's Reference Book on Confrontation (You found it on level 1 of the Elven Halls)
 15743 | Elf:2    | Found a runed gate.
 15743 | Elf:2    | Found a runed gate.
 15744 | Elf:2    | Found a runed gate.
 15999 | Elf:2    | Reached skill level 15 in Armour
 16112 | Elf:3    | Entered Level 3 of the Elven Halls
 16205 | Elf:3    | Found Kausiox's Weapon Emporium.
 16304 | Elf:3    | Reached XP level 17. HP: 157/157 MP: 30/30
 16371 | Elf:3    | Got a sparkling amber ring
 16373 | Elf:3    | Identified the ring of the Present {Contam rElec rC+ Dex+3} (You acquired it on level 3 of the Elven Halls)
 16476 | Elf:3    | Noticed a deep elf blademaster
 16551 | Elf:3    | Killed a deep elf blademaster
 16560 | Elf:3    | Noticed a deep elf master archer
 16566 | Elf:3    | Killed a deep elf master archer
 16570 | Elf:3    | Noticed a Brimstone Fiend
 16570 | Elf:3    | Noticed a Hell Sentinel
 16750 | Elf:3    | Reached skill level 17 in Axes
 16770 | Elf:3    | Noticed a deep elf master archer
 16782 | Elf:3    | Killed a deep elf master archer
 16807 | Elf:3    | Noticed a deep elf master archer
 16807 | Elf:3    | Noticed a deep elf blademaster
 16827 | Elf:3    | Killed a deep elf blademaster
 16846 | Elf:3    | Killed a deep elf master archer
 16867 | Elf:3    | Noticed a deep elf master archer
 16886 | Elf:3    | Killed a deep elf master archer
 17005 | Elf:3    | Got a twisted battleaxe
 17064 | Elf:3    | Learned a level 3 spell: Passwall
 17076 | Elf:3    | Learned a level 1 spell: Apportation
 17079 | Elf:3    | Learned a level 2 spell: Blink
 17082 | Elf:3    | Learned a level 2 spell: Shroud of Golubria
 17086 | Elf:3    | Identified the Grimoire of Augmentations and Feathers (You found it on level 3 of the Elven Halls)
 17091 | Elf:3    | Learned a level 3 spell: Spectral Weapon
 17094 | Elf:3    | Learned a level 2 spell: Song of Slaying
 17097 | Elf:3    | Identified the +9 battleaxe of the Sky {speed, Int+3} (You took it off a deep elf conjurer on level 3 of the Elven Halls)
 17134 | Elf:3    | Got a shimmering marble ring
 17135 | Elf:3    | Identified the ring "Briogin" {+Inv rC+ MP+9 Dex-5 SInv Stlth+} (You took it off a deep elf fighter on level 3 of the Elven Halls)
 17353 | Elf:1    | Killed Uberwunderbarhen's ghost
 17353 | Elf:1    | Reached skill level 1 in Translocations
 17382 | Elf:1    | Reached skill level 1 in Hexes
 17501 | D:14     | Killed Roxanne
 17503 | D:14     | Identified Roxanne's Handbook of the Unstable Mountains (You took it off Roxanne on level 14 of the Dungeon)
 17511 | D:14     | Learned a level 6 spell: Statue Form
 17538 | Vaults:1 | Entered Level 1 of the Vaults
 17663 | Vaults:1 | Noticed Nikola
 17706 | Vaults:1 | Killed Nikola
 17817 | Vaults:2 | Reached skill level 18 in Axes
 17821 | Vaults:2 | Gained mutation: You passively map a large area around you. [level up]
 17821 | Vaults:2 | Reached XP level 18. HP: 165/165 MP: 31/31
 18311 | Vaults:2 | Reached skill level 5 in Translocations
 18340 | Vaults:2 | Found a portal to a secret trove of treasure.
 18467 | Vaults:3 | Found a staircase to the Crypt.
 18467 | Vaults:3 | Found an ancient bone altar of Kikubaaqudgha.
 18468 | Vaults:3 | Found a basalt altar of Yredelemnul.
 19038 | Vaults:5 | Entered Level 5 of the Vaults
 19119 | Vaults:5 | Reached skill level 1 in Earth Magic
 19150 | Vaults:5 | Reached skill level 19 in Axes
 19167 | Vaults:5 | Reached XP level 19. HP: 120/172 MP: 18/32
 19206 | Vaults:5 | Reached skill level 5 in Hexes
 19229 | Vaults:5 | Noticed a golden dragon
 19235 | Vaults:5 | Killed a golden dragon
 19244 | Vaults:5 | Noticed a golden dragon
 19264 | Vaults:5 | Killed a golden dragon
 19264 | Vaults:5 | Reached skill level 5 in Earth Magic
 19413 | Vaults:5 | Reached skill level 1 in Transmutations
 19640 | Vaults:5 | Reached skill level 10 in Charms
 19696 | Vaults:5 | Reached skill level 20 in Axes
 19696 | Vaults:5 | Reached skill level 5 in Transmutations
 19748 | Vaults:5 | Noticed an ancient lich
 19758 | Vaults:5 | Killed an ancient lich
 19758 | Vaults:5 | Reached XP level 20. HP: 181/181 MP: 20/34
 19913 | Vaults:5 | Got a twisted helmet
 19924 | Vaults:5 | Identified the -2 helmet of Pandemonium {Int+10 Dex-2 SInv} (You acquired it on level 5 of the Vaults)
 19976 | Vaults:5 | Identified a +4 rod of shadows (14/14) (You took it off a deep elf sorcerer on level 3 of the Elven Halls)
 20187 | Vaults:5 | Got an encrusted cloak
 20187 | Vaults:5 | Got a silver rune of Zot
 20198 | Vaults:5 | Identified the +1 cloak of the Lonely Wishes {MR+ Str+4 Int+3} (You found it on level 5 of the Vaults)
 20484 | Vaults:4 | Upgraded the game from 0.16-a0-4023-g001212b to 0.16-a0-4038-ge07a62f
 20579 | Vaults:3 | Noticed Sojobo
 20607 | Vaults:3 | Killed Sojobo
 20929 | Depths:1 | Noticed a lich
 20951 | D:15     | Killed Saint Roka
 20998 | Depths:1 | Killed a lich
 21102 | Depths:1 | Found a gateway to a ziggurat.
 21105 | Depths:1 | Noticed a lich
 21124 | Depths:1 | Killed a lich
 21131 | Depths:1 | Noticed Wiglaf
 21151 | Depths:1 | Killed Wiglaf
 21151 | Depths:1 | Reached XP level 21. HP: 196/196 MP: 23/34
 21303 | Depths:1 | Identified a +0 rod of shadows (10/10) (You found it on level 1 of the Depths)
 21400 | Depths:2 | Noticed Aizul
 21414 | Depths:2 | Killed Aizul
 21523 | Depths:2 | Noticed a caustic shrike
 21524 | Depths:2 | Noticed a caustic shrike
 21535 | Depths:2 | Killed a caustic shrike
 21538 | Depths:2 | Killed a caustic shrike
 21805 | Depths:2 | Found a one-way gate leading to the halls of Pandemonium.
 21956 | Depths:2 | Noticed the Enchantress
 21989 | Depths:2 | Killed the Enchantress
 21994 | Depths:2 | Got a faerie dragon armour
 21995 | Depths:2 | Identified the +3 faerie dragon armour {rElec rF- rCorr Stlth+} (You took it off the Enchantress on level 2 of the Depths)
 22000 | Depths:2 | Got a sparkling golden ring
 22002 | Depths:2 | Identified the ring "Torphu Goqargh" {Fire +Inv Int+2} (You found it on level 2 of the Depths)
 22259 | Depths:3 | Reached skill level 15 in Evocations
 22370 | Depths:3 | Learned a level 1 spell: Summon Butterflies
 22454 | Depths:3 | Found a one-way gate to the infinite horrors of the Abyss.
 22458 | Depths:3 | Reached skill level 15 in Fighting
 22523 | Depths:3 | Reached skill level 1 in Summonings
 22597 | Depths:4 | Reached XP level 22. HP: 210/210 MP: 33/36
 22738 | Depths:4 | Identified Khikum's Disquisition on Companions (You found it on level 4 of the Depths)
 22740 | Depths:4 | Got a polished cloak
 22751 | Depths:4 | Identified the cursed -1 cloak "Fribuom" {Int+4 Dex+4} (You found it on level 4 of the Depths)
 22767 | Depths:4 | Got a glittering bronze ring
 22769 | Depths:4 | Identified the ring "Heplot" {rElec MR+ Int-4 Dex+2 Slay+3} (You found it on level 4 of the Depths)
 22869 | Depths:4 | Reached skill level 5 in Summonings
 23041 | Depths:4 | Found a glowing golden altar of the Shining One.
 23061 | Depths:5 | Entered Level 5 of the Depths
 23147 | Depths:5 | Found a gate to the Realm of Zot.
 23184 | Depths:5 | Reached skill level 15 in Dodging
 23865 | Slime:1  | Entered Level 1 of the Pits of Slime
 23979 | Slime:6  | Entered Level 6 of the Pits of Slime
 24083 | Slime:6  | Reached XP level 23. HP: 214/217 MP: 27/36
 24188 | Slime:6  | Upgraded the game from 0.16-a0-4038-ge07a62f to 0.16-a0-4048-g245e628
 24193 | Slime:6  | Noticed the royal jelly
 24220 | Slime:6  | Killed the royal jelly
 24220 | Slime:6  | Reached skill level 10 in Summonings
 24255 | Slime:6  | Learned a level 6 spell: Aura of Abjuration
 24256 | Slime:6  | Identified the Reference Book on Lucky Displacement (You found it on level 6 of the Pits of Slime)
 24256 | Slime:6  | Got a slimy rune of Zot
 24262 | Slime:6  | Learned a level 4 spell: Control Teleport
 24320 | Slime:6  | Got a heavily runed cloak
 24331 | Slime:6  | Identified the +0 cloak "Shrett" {+Fly rC+} (You found it on level 6 of the Pits of Slime)
 24348 | Slime:6  | Identified a +3 rod of the swarm (13/13) (You found it on level 6 of the Pits of Slime)
 24356 | Slime:6  | Learned a level 5 spell: Silence
 24560 | Hell     | Entered the Vestibule of Hell
 24560 | Hell     | Noticed Geryon
 24581 | Hell     | Killed Geryon
 24853 | Vaults:2 | You paid a toll of the horn of Geryon to enter a treasure trove
 24854 | Trove    | Entered a treasure trove
 24862 | Trove    | Got a heavily runed helmet
 24862 | Trove    | Got a pair of bloodstained boots
 24873 | Trove    | Identified the -2 helmet of Criomp {rElec rPois Stlth-} (You found it in a treasure trove)
 24893 | Trove    | Identified the +0 pair of boots of the Archfiend {Str+2} (You found it in a treasure trove)
 24900 | Trove    | Got a pair of slimy boots
 24911 | Trove    | Identified the +2 pair of boots of the Heavens {rCorr Slay+3} (You found it in a treasure trove)
 24938 | Trove    | Got a bloodstained chain mail
 24938 | Trove    | Got a pitted helmet
 24949 | Trove    | Identified the +1 helmet of the Sea {rElec rCorr Str+3 Int+2 Dex-5} (You found it in a treasure trove)
 24959 | Trove    | Identified the +10 chain mail of Fortitude {+Blink MR+ Str-5} (You found it in a treasure trove)
 25012 | Crypt:1  | Entered Level 1 of the Crypt
 25037 | Crypt:1  | Noticed Agnes
 25047 | Crypt:1  | Killed Agnes
 25153 | Crypt:1  | Noticed Margery
 25170 | Crypt:1  | Killed Margery
 25420 | Crypt:1  | Found a magical portal.
 25441 | WizLab   | Entered The Chambers of Ymolliwk the Cloud Mage
 25794 | WizLab   | Identified the Grimoire of Air and Attacks (You found it in a wizard's laboratory)
 25794 | WizLab   | Identified the Disquisition on Hurtful Feathers (You found it in a wizard's laboratory)
 25945 | Crypt:2  | Reached skill level 5 in Air Magic
 26078 | Crypt:2  | Found an ancient bone altar of Kikubaaqudgha.
 26183 | Crypt:3  | Entered Level 3 of the Crypt
 26190 | Crypt:3  | Noticed an ancient lich
 26200 | Crypt:3  | Killed an ancient lich
 26271 | Crypt:3  | Noticed Xtahua
 26285 | Crypt:3  | Killed Xtahua
 26530 | Crypt:3  | Reached XP level 24. HP: 225/225 MP: 37/37
 27025 | Crypt:3  | Identified Xizisch's Compendium of Sinister Arts (You found it on level 3 of the Crypt)
 27041 | Crypt:3  | Noticed an ancient lich
 27053 | Crypt:3  | Killed an ancient lich
 27053 | Crypt:3  | Reached skill level 10 in Earth Magic
 27106 | Crypt:3  | Found a staircase to the Tomb.
 27132 | Tomb:1   | Entered Level 1 of the Tomb of the Ancients
 27199 | Tomb:1   | Noticed a greater mummy
 27216 | Tomb:1   | Killed a greater mummy
 27223 | Tomb:1   | Noticed a greater mummy
 27235 | Tomb:1   | Noticed a greater mummy
 27248 | Tomb:1   | Killed a greater mummy
 27258 | Tomb:1   | Killed a greater mummy
 27269 | Tomb:1   | Noticed a greater mummy
 27294 | Tomb:1   | Killed a greater mummy
 27317 | Tomb:1   | Noticed a greater mummy
 27346 | Tomb:1   | Killed a greater mummy
 27367 | Tomb:1   | Noticed a greater mummy
 27385 | Tomb:1   | Killed a greater mummy
 27568 | Tomb:2   | Noticed a greater mummy
 27577 | Tomb:2   | Noticed a greater mummy
 27577 | Tomb:2   | Noticed a greater mummy
 27658 | Tomb:1   | Noticed a greater mummy
 27669 | Tomb:1   | Killed a greater mummy
 27697 | Tomb:1   | Noticed a greater mummy
 27721 | Tomb:1   | Killed a greater mummy
 27760 | Tomb:1   | Noticed a greater mummy
 27770 | Tomb:1   | Killed a greater mummy
 27770 | Tomb:1   | Reached skill level 10 in Spellcasting
 27780 | Tomb:1   | Noticed a greater mummy
 27791 | Tomb:1   | Killed a greater mummy
 27807 | Tomb:1   | Noticed a greater mummy
 27814 | Tomb:1   | Killed a greater mummy
 27821 | Tomb:1   | Noticed a greater mummy
 27821 | Tomb:1   | Noticed a greater mummy
 27821 | Tomb:1   | Noticed a greater mummy
 27830 | Tomb:1   | Killed a greater mummy
 27834 | Tomb:1   | Killed a greater mummy
 27836 | Tomb:1   | Killed a greater mummy
 27843 | Tomb:1   | Noticed a greater mummy
 27843 | Tomb:1   | Noticed a greater mummy
 27855 | Tomb:1   | Killed a greater mummy
 27859 | Tomb:1   | Killed a greater mummy
 27865 | Tomb:1   | Noticed a greater mummy
 27873 | Tomb:1   | Noticed a greater mummy
 27877 | Tomb:1   | Killed a greater mummy
 27886 | Tomb:1   | Killed a greater mummy
 27886 | Tomb:1   | Reached XP level 25. HP: 182/224 MP: 12/38
 27896 | Tomb:1   | Learned a level 5 spell: Phase Shift
 27985 | Tomb:3   | Entered Level 3 of the Tomb of the Ancients
 28382 | Tomb:3   | Got a golden rune of Zot
 28425 | Tomb:3   | Learned a level 6 spell: Haste
 28524 | Tomb:3   | Got a pitted hand axe
 28525 | Tomb:3   | Identified the +7 hand axe of Caskuarr {freeze, rC++} (You found it on level 3 of the Tomb of the Ancients)
 28531 | Tomb:3   | Got a pitted lapis lazuli ring
 28531 | Tomb:3   | Got a steaming tin ring
 28533 | Tomb:3   | Identified the cursed ring of Gradiapt {rElec rF+ rC- rN+ AC-6 Int+2} (You found it on level 3 of the Tomb of the Ancients)
 28537 | Tomb:3   | Identified the ring "Uneas" {+Inv rElec SInv} (You found it on level 3 of the Tomb of the Ancients)
 28602 | Tomb:1   | Gained mutation: Your body is slowly deteriorating. [mutagenic glow]
 28723 | Zig:1    | Entered Level 1 of a ziggurat
 28742 | Zig:2    | Entered Level 2 of a ziggurat
 28755 | Zig:2    | Gained mutation: Your flesh is cold resistant. [mutagenic glow]
 28760 | Zig:3    | Entered Level 3 of a ziggurat
 28788 | Zig:4    | Entered Level 4 of a ziggurat
 28823 | Zig:5    | Entered Level 5 of a ziggurat
 28874 | Zig:5    | Identified a +0 rod of shadows (11/11) (You found it on level 5 of a ziggurat)
 28882 | Zig:6    | Entered Level 6 of a ziggurat
 28923 | Zig:6    | Identified the Grimoire of Creation (You found it on level 6 of a ziggurat)
 28932 | Zig:7    | Entered Level 7 of a ziggurat
 28977 | Zig:7    | Got a pair of faintly humming gloves
 29000 | Zig:7    | Identified the +0 pair of gloves "Chiboul" {rElec rF+ MP+9 Int+6} (You found it on level 7 of a ziggurat)
 29002 | Zig:8    | Entered Level 8 of a ziggurat
 29021 | Zig:8    | Reached XP level 26. HP: 241/241 MP: 7/40
 29049 | Zig:8    | Identified a -1 rod of shadows (12/12) (You found it on level 8 of a ziggurat)
 29062 | Zig:8    | Gained mutation: Your spells are a little harder to cast, but a little more powerful. [potion of beneficial mutation]
 29063 | Zig:8    | Lost mutation: Your flesh is cold resistant. [potion of cure mutation]
 29063 | Zig:8    | Lost mutation: Your body is slowly deteriorating. [potion of cure mutation]
 29063 | Zig:8    | Lost mutation: Your spells are a little harder to cast, but a little more powerful. [potion of cure mutation]
 29072 | Zig:9    | Entered Level 9 of a ziggurat
 29135 | Zig:9    | Reached skill level 10 in Translocations
 29135 | Zig:9    | Reached XP level 27. HP: 239/248 MP: 3/41
 29143 | Zig:9    | Learned a level 6 spell: Deflect Missiles
 29159 | Zig:9    | Got a faintly glowing war axe
 29161 | Zig:9    | Identified the +10 war axe "Bryp Tro" {freeze, Int+2} (You found it on level 9 of a ziggurat)
 29174 | Zig:10   | Entered Level 10 of a ziggurat
 29199 | Zig:10   | Gained mutation: You tend to lose your temper in combat. [a shining eye]
 29223 | Zig:10   | Lost mutation: You tend to lose your temper in combat. [potion of cure mutation]
 29241 | Zig:10   | Got a faintly humming scale mail
 29241 | Zig:10   | Got a pair of brightly glowing gloves
 29242 | Zig:10   | Identified the +3 scale mail "Xacziss" {rC+ Int+4} (You found it on level 10 of a ziggurat)
 29254 | Zig:10   | Identified the +0 pair of gloves "Hygraxt" {-Cast Contam rF+ MR+ SInv} (You found it on level 10 of a ziggurat)
 29271 | Zig:11   | Entered Level 11 of a ziggurat
 29389 | Pan      | Entered Pandemonium
 29721 | Pan      | Found a glowing golden altar of the Shining One.
 29721 | Pan      | Noticed a seraph
 29743 | Pan      | Killed a seraph
 29788 | Pan      | Reached skill level 15 in Spellcasting
 29826 | Pan      | Got a demonic rune of Zot
 29833 | Pan      | Got a faintly glowing scale mail
 29839 | Pan      | Identified the +3 scale mail "Dyblol" {Regen+} (You found it in Pandemonium)
 29846 | Pan      | Got a glittering ivory amulet
 29846 | Pan      | Got a wavering silver ring
 29847 | Pan      | Identified the ring of Stihaply {rC+ rN+ Slay+2} (You found it in Pandemonium)
 29849 | Pan      | Identified the amulet of Okuog {Stasis rPois rF+ Int-2} (You found it in Pandemonium)
 29957 | Pan      | Found a glowing silver altar of Zin.
 29972 | Pan      | Gained mutation: Your spells are a little easier to cast, but a little less powerful. [mutagenic glow]
 30077 | Pan      | Found a white marble altar of Elyvilon.
 30225 | Pan      | Gained mutation: You are frail (-10% HP). [a neqoxec]
 30285 | Pan      | Lost mutation: Your spells are a little easier to cast, but a little less powerful. [a neqoxec]
 30292 | Pan      | Lost mutation: You are frail (-10% HP). [potion of cure mutation]
 30349 | Pan      | Noticed Enkoih the pandemonium lord
 30434 | Pan      | Noticed Ufagunan the pandemonium lord
 30449 | Pan      | Killed Ufagunan the pandemonium lord
 30478 | Pan      | Entered the realm of Lom Lobon.
 30478 | Pan      | Noticed Lom Lobon
 30513 | Pan      | Got a magical rune of Zot
 30519 | Pan      | Found a gateway to a ziggurat.
 30534 | Zig:1    | Entered Level 1 of a ziggurat
 30554 | Zig:2    | Entered Level 2 of a ziggurat
 30570 | Zig:3    | Entered Level 3 of a ziggurat
 30602 | Zig:3    | Got a warped ruby amulet
 30604 | Zig:3    | Identified the amulet "Leuwuodd" {Faith MP-9 Dex+3 Slay+3 Stlth+} (You acquired it on level 3 of a ziggurat)
 30607 | Zig:4    | Entered Level 4 of a ziggurat
 30636 | Zig:5    | Entered Level 5 of a ziggurat
 30677 | Zig:6    | Entered Level 6 of a ziggurat
 30714 | Zig:6    | Identified the Tome of Egomania (You found it on level 6 of a ziggurat)
 30725 | Zig:7    | Entered Level 7 of a ziggurat
 30773 | Zig:8    | Entered Level 8 of a ziggurat
 30822 | Zig:9    | Entered Level 9 of a ziggurat
 30887 | Zig:9    | Reached skill level 1 in Stealth
 30903 | Zig:9    | Got a pair of warped gloves
 30907 | Zig:9    | Got a pitted golden ring
 30911 | Zig:9    | Identified the ring "Zefiheam" {MP+9 Int+2} (You found it on level 9 of a ziggurat)
 30926 | Zig:9    | Identified the +1 pair of gloves of Impressiveness {+Fly rN+} (You found it on level 9 of a ziggurat)
 30945 | Zig:9    | Learned a level 7 spell: Controlled Blink
 30973 | Pan      | Found an exit through the horrors of the Abyss.
 31011 | Pan      | Gained mutation: Your spells are a little harder to cast, but a little more powerful. [a neqoxec]
 31014 | Pan      | Lost mutation: Your spells are a little harder to cast, but a little more powerful. [potion of cure mutation]
 31039 | Pan      | Reached skill level 5 in Stealth
 31144 | Pan      | Reached skill level 10 in Stealth
 31357 | Pan      | Got a pair of ichor-stained boots
 31387 | Pan      | Identified the +1 pair of boots of Responsibility {SInv} (You found it in Pandemonium)
 31414 | Pan      | Found an exit through the horrors of the Abyss.
 31538 | Pan      | Reached skill level 15 in Stealth
 31555 | Pan      | Found an exit through the horrors of the Abyss.
 31643 | Pan      | Noticed Coiti the pandemonium lord
 31655 | Pan      | Killed Coiti the pandemonium lord
 31716 | Pan      | Entered the realm of Cerebov.
 31843 | Pan      | Got a glittering iron amulet
 31845 | Pan      | Identified the amulet "Huusches" {Inacc +Fly rC+ MR+ Dex-5} (You found it in Pandemonium)
 31859 | Pan      | Got a translucent steel ring
 31859 | Pan      | Identified the Catalogue of the Last Wonders (You found it in Pandemonium)
 31862 | Pan      | Identified the ring of Life {-Cast rElec rPois rN+ MP+9 Int-3} (You found it in Pandemonium)
 31878 | Pan      | Got a pair of warped gloves
 31889 | Pan      | Identified the cursed -4 pair of gloves "Leikokk" {rC+ Regen+ Str+7 Int+6 Dex-4} (You found it in Pandemonium)
 31916 | Pan      | Identified the Guide on Battle Magic (You found it in Pandemonium)
 31946 | Pan      | Noticed Cerebov
 32000 | Pan      | Killed Cerebov
 32024 | Pan      | Got a fiery rune of Zot
 32040 | Pan      | Entered the realm of Mnoleg.
 32090 | Pan      | Reached skill level 15 in Translocations
 32164 | Pan      | Found an exit through the horrors of the Abyss.
 32239 | Pan      | Noticed Mnoleg
 32283 | Pan      | Killed Mnoleg
 32303 | Pan      | Got a glowing rune of Zot
 32487 | Pan      | Found an exit through the horrors of the Abyss.
 32524 | Pan      | Noticed Lom Lobon
 32562 | Pan      | Noticed Hoyrgh the pandemonium lord
 32570 | Pan      | Killed Hoyrgh the pandemonium lord
 32570 | Pan      | Reached skill level 21 in Axes
 32601 | Pan      | Found a runed door.
 32623 | Pan      | Noticed Lom Lobon
 32640 | Pan      | Entered the realm of Gloorx Vloq.
 32792 | Pan      | Noticed Gloorx Vloq
 32815 | Pan      | Killed Gloorx Vloq
 32815 | Pan      | Reached skill level 22 in Axes
 32852 | Pan      | Got a dark rune of Zot
 32874 | Pan      | Found an exit through the horrors of the Abyss.
 32879 | Pan      | Took an exit into the Abyss.
 32879 | Abyss:1  | Escaped into the Abyss
 33074 | Abyss:1  | Paralysed by accursed screaming for 1 turns
 33894 | Abyss:3  | Found a runed door.
 33894 | Abyss:3  | Found a runed door.
 33897 | Abyss:3  | Got an abyssal rune of Zot
 33905 | Abyss:3  | Reached skill level 23 in Axes
 33914 | Abyss:3  | Found a corrupted altar of Lugonu.
 33967 | Depths:2 | Escaped the Abyss
 34081 | Hell     | Found a gateway to the Iron City of Dis.
 34091 | Dis:1    | Entered Level 1 of the Iron City of Dis
 34213 | Dis:2    | You fall through a shaft!
 34270 | Dis:7    | Entered Level 7 of the Iron City of Dis
 34341 | Dis:7    | Reached skill level 24 in Axes
 34483 | Dis:7    | Noticed Dispater
 34516 | Dis:7    | Killed Dispater
 34549 | Dis:7    | Got an iron rune of Zot
 34582 | Hell     | Found a gateway to the freezing wastes of Cocytus.
 34599 | Hell     | Reached skill level 25 in Axes
 34622 | Hell     | Found a gateway to the decaying netherworld of Tartarus.
 34643 | Tar:1    | Entered Level 1 of Tartarus
 34705 | Tar:4    | You fall through a shaft!
 34737 | Tar:7    | Entered Level 7 of Tartarus
 34830 | Tar:7    | Noticed Ereshkigal
 34864 | Tar:7    | Killed Ereshkigal
 34878 | Tar:7    | Got an ancient amber ring
 34878 | Tar:7    | Got a bone rune of Zot
 34894 | Tar:7    | Identified the cursed ring of Darkness {rF- Str+3 Int+4 Dex-6 Slay-5 Stlth+} (You found it on level 7 of Tartarus)
 34984 | Hell     | Found a gateway to the ashen valley of Gehenna.
 35007 | Geh:1    | Entered Level 1 of Gehenna
 35163 | Geh:5    | Reached skill level 26 in Axes
 35399 | Geh:7    | Entered Level 7 of Gehenna
 35428 | Geh:7    | Reached skill level 15 in Earth Magic
 35474 | Geh:7    | Noticed Asmodeus
 35510 | Geh:7    | Killed Asmodeus
 35535 | Geh:7    | Got an obsidian rune of Zot
 35616 | Coc:1    | Entered Level 1 of Cocytus
 36009 | Coc:7    | Entered Level 7 of Cocytus
 36164 | Coc:7    | Gained mutation: Scrolls take you a little longer to read. [mutagenic glow]
 36236 | Coc:7    | Lost mutation: Scrolls take you a little longer to read. [potion of cure mutation]
 36546 | Coc:7    | Noticed Antaeus
 36549 | Coc:7    | Got an icy rune of Zot
 36618 | Zot:1    | Entered Level 1 of the Realm of Zot
 36632 | Zot:1    | Noticed an orb of fire
 36641 | Zot:2    | Killed an orb of fire
 36754 | Zot:5    | Entered Level 5 of the Realm of Zot
 36887 | Zot:5    | Noticed an ancient lich
 36894 | Zot:5    | Killed an ancient lich
 36910 | Zot:5    | Noticed an orb of fire
 36911 | Zot:5    | Noticed an orb of fire
 36912 | Zot:5    | Noticed an orb of fire
 36916 | Zot:5    | Noticed an orb of fire
 36998 | Zot:5    | Gained mutation: Your magical capacity is low (-10% MP). [an orb of fire]
 37001 | Zot:5    | Gained mutation: You are dopey. (Int -2) [an orb of fire]
 37002 | Zot:5    | Gained mutation: You are weak. (Str -2) [an orb of fire]
 37005 | Zot:5    | Noticed an orb of fire
 37005 | Zot:5    | Noticed an ancient lich
 37005 | Zot:5    | Noticed an orb of fire
 37005 | Zot:5    | Noticed an orb of fire
 37010 | Zot:5    | Gained mutation: Your magical capacity is very low (-20% MP). [an orb of fire]
 37025 | Zot:5    | Killed an ancient lich
 37032 | Zot:5    | Killed an orb of fire
 37041 | Zot:5    | Killed an orb of fire
 37073 | Zot:5    | Gained mutation: Armour fits poorly on your strangely shaped body. [an orb of fire]
 37084 | Zot:5    | Killed an orb of fire
 37094 | Zot:5    | Got the Orb of Zot
 37136 | Zot:5    | Noticed an ancient lich
 37210 | Zot:3    | Lost mutation: You are weak. (Str -2) [potion of cure mutation]
 37210 | Zot:3    | Lost mutation: Your magical capacity is very low (-20% MP). [potion of cure mutation]
 37210 | Zot:3    | Lost mutation: Armour fits poorly on your strangely shaped body. [potion of cure mutation]
 37210 | Zot:3    | Lost mutation: Your magical capacity is low (-10% MP). [potion of cure mutation]
 37210 | Zot:3    | Lost mutation: You are dopey. (Int -2) [potion of cure mutation]
 37348 | Zot:1    | Noticed Thruith the pandemonium lord
 37364 | Zot:1    | Killed Thruith the pandemonium lord
 37568 | D:12     | Noticed Kluip the pandemonium lord
 37626 | D:7      | Noticed a seraph
 37756 | D:$      | Escaped with the Orb!

Action                   |  1- 3 |  4- 6 |  7- 9 | 10-12 | 13-15 | 16-18 | 19-21 | 22-24 | 25-27 || total
-------------------------+-------+-------+-------+-------+-------+-------+-------+-------+-------++-------
Melee: War axe           |   131 |   118 |   614 |   524 |  1546 |   952 |       |       |       ||  3885
       Broad axe         |       |       |       |   303 |       |       |       |       |       ||   303
       Battleaxe         |       |       |       |       |       |   444 |  1225 |  1634 |  1417 ||  4720
       Executioner's axe |       |       |       |       |       |       |       |       |  1748 ||  1748
 Fire: Blowgun           |       |       |       |    18 |    18 |       |       |       |       ||    36
Throw: Throwing net      |       |     4 |     1 |       |       |       |       |       |       ||     5
       Javelin           |       |       |       |       |    31 |       |       |       |       ||    31
 Cast: Repel Missiles    |       |       |       |       |     1 |     6 |     4 |     2 |     1 ||    14
       Flight            |       |       |       |       |     1 |     3 |       |     1 |     9 ||    14
       Spectral Weapon   |       |       |       |       |       |    33 |    64 |    75 |   167 ||   339
       Apportation       |       |       |       |       |       |       |    83 |    83 |    83 ||   249
       Shroud of Golubri |       |       |       |       |       |       |     2 |       |       ||     2
       Song of Slaying   |       |       |       |       |       |       |     1 |       |       ||     1
       Passwall          |       |       |       |       |       |       |     5 |    10 |     8 ||    23
       Blink             |       |       |       |       |       |       |     4 |       |     1 ||     5
       Control Teleport  |       |       |       |       |       |       |       |    19 |    28 ||    47
       Aura of Abjuratio |       |       |       |       |       |       |       |     7 |    10 ||    17
       Silence           |       |       |       |       |       |       |       |    12 |     4 ||    16
       Statue Form       |       |       |       |       |       |       |       |     5 |    34 ||    39
       Stoneskin         |       |       |       |       |       |       |       |     3 |    24 ||    27
       Phase Shift       |       |       |       |       |       |       |       |       |    41 ||    41
       Haste             |       |       |       |       |       |       |       |       |    16 ||    16
       Deflect Missiles  |       |       |       |       |       |       |       |       |    12 ||    12
       Controlled Blink  |       |       |       |       |       |       |       |       |     1 ||     1
Invok: Lesser Servant of |       |       |       |     5 |       |       |       |       |       ||     5
       Minor Destruction |       |       |       |    15 |    10 |       |       |       |       ||    25
       Greater Servant o |       |       |       |     3 |     7 |     5 |       |       |       ||    15
       Major Destruction |       |       |       |       |     3 |     2 |     1 |       |     6 ||    12
 Abil: Evoke Invisibilit |       |       |     5 |     3 |     1 |     1 |       |       |       ||    10
       Device Recharging |       |       |     1 |       |       |       |       |       |       ||     1
       Evoke Teleportati |       |       |       |       |       |     1 |       |    20 |    20 ||    41
       End Transformatio |       |       |       |       |       |       |       |     1 |     7 ||     8
Evoke: Wand              |     1 |     4 |    32 |    66 |    29 |    20 |     5 |     9 |    69 ||   235
       Sack of spiders   |       |       |       |       |     5 |    10 |     4 |       |       ||    19
       Lamp of fire      |       |       |       |       |       |     1 |     1 |     3 |     2 ||     7
       Deck              |       |       |       |       |       |       |     3 |       |       ||     3
       Rod               |       |       |       |       |       |       |       |     7 |       ||     7
       Phantom mirror    |       |       |       |       |       |       |       |       |     2 ||     2
  Use: Scroll            |     3 |       |     7 |    11 |    16 |    22 |    15 |    11 |    78 ||   163
       Potion            |       |     1 |     3 |     3 |     4 |     4 |     2 |    11 |    51 ||    79
 Stab: Held in net/web   |       |     2 |     3 |       |       |     2 |     4 |       |       ||    11
       Invisible         |       |       |    21 |    20 |    16 |     3 |       |       |       ||    60
       Paralysed         |       |       |    55 |    59 |    16 |       |       |       |    50 ||   180
       Distracted        |       |       |       |       |     4 |     9 |    21 |    35 |    59 ||   128
       Sleeping          |       |       |       |       |       |       |       |       |    29 ||    29
       Petrifying        |       |       |       |       |       |       |       |       |    18 ||    18
       Petrified         |       |       |       |       |       |       |       |       |     7 ||     7
       Confused          |       |       |       |       |       |       |       |       |     1 ||     1
  Eat: Pizza             |     1 |       |     1 |     8 |     2 |     1 |     1 |       |     2 ||    16
       Royal jelly       |     1 |       |       |       |     1 |       |     1 |       |       ||     3
       Fruit             |       |     1 |     4 |       |    11 |     2 |       |    18 |       ||    36
       Meat ration       |       |       |     1 |     1 |     2 |     4 |     1 |       |    11 ||    20
       Beef jerky        |       |       |     2 |     2 |     2 |     1 |     3 |     2 |       ||    12
       Bread ration      |       |       |       |       |       |       |       |     1 |     2 ||     3
